 Dungeon Crawl Stone Soup version 0.28-a0-312-gbced6e68ee (webtiles) character file.

Game seed: 4935528679325152386

21 avis the Insei (level 2, -1/19 HPs)
             Began as an Octopode Transmuter on Aug 31, 2021.
             Succumbed to a gnoll's poison
             ... on level 1 of the Dungeon.
             The game lasted 00:05:44 (1040 turns).

avis the Insei (Octopode Transmuter)                Turns: 1040, Time: 00:05:44

Health: -1/19      AC:  1    Str:  9    XL:     2   Next: 87%
Magic:  4/5        EV: 13    Int: 15    God:
Gold:   78         SH:  0    Dex: 12    Spells: 4/5 levels left

rFire   . . .      SeeInvis .   a - +0 dagger
rCold   . . .      Faith    .   (no shield)
rNeg    . . .      Spirit   .   (helmet currently unavailable)
rPois   .          Reflect  .   (no amulet)
rElec   .          Harm     .   (no ring)
rCorr   .          Rampage  .   (no ring)
Will    .....                   (no ring)
Stlth   +++.......              (no ring)
HPRegen 0.06/turn               (no ring)
MPRegen 0.09/turn               (no ring)
                                (no ring)
                                (no ring)

@: lethally poisoned (-1 -> -7), appendages (expiring)
A: tentacle spike 3, almost no armour, amphibious, 8 rings, camouflage 1,
gelatinous body 1, (nimble swimmer 1), tentacles
a: End Transformation


You were on level 1 of the Dungeon.
One of your tentacles had grown a beastly spike.
You visited 1 branch of the dungeon, and saw 2 of its levels.

You collected 78 gold pieces.

Inventory:

Hand Weapons
 a - a +0 dagger (weapon)
Missiles
 b - 26 stones
 c - 23 arrows


   Skills:
 - Level 2.0 Fighting
 - Level 2.0 Dodging
 - Level 1.0 Stealth
 - Level 3.0 Unarmed Combat
 - Level 2.0 Spellcasting
 + Level 2.6 Transmutations


You had 4 spell levels left.
You knew the following spells:

 Your Spells              Type           Power      Damage    Failure   Level
a - Beastly Appendage     Tmut           18%        N/A       8%          1

Your spell library contained the following spells:

 Spells                   Type           Power      Damage    Failure   Level
 Wereblood                Tmut           9%         N/A       12%         2
 Summon Small Mammal      Summ           4%         N/A       22%         1
 Spider Form              Tmut/Pois      2%         N/A       36%         3
 Call Canine Familiar     Summ           1%         N/A       54%         3
 Summon Guardian Golem    Hex/Summ       1%         N/A       54%         3
 Ice Form                 Ice/Tmut       5%         N/A       78%         4


Dungeon Overview and Level Annotations

Branches:
Dungeon (2/15)

Altars:


Innate Abilities, Weirdness & Mutations

One of your tentacles has grown a beastly spike.
You cannot wear most types of armour.
You are amphibious.
You can wear up to eight rings at the same time.
Your skin changes colour to match your surroundings (Stealth+).
Your rubbery body absorbs attacks. (AC +1, EV +1)
((You are camouflaged near water. (Stealth+)))
You have tentacles for arms and can constrict up to eight enemies at once.


Message History

Casting: Beastly Appendage (safe; 8% risk of failure)
Confirm with . or Enter, or press ? or * to list all spells.
One of your tentacles grows a vicious spike.
You climb downwards.
The gnoll shouts! x4; You hear a shout!
There is a stone staircase leading up here.
The gnoll hits you with a +1 whip of venom.
You are poisoned.
The gnoll hits you from afar with a +0 halberd.
The gnoll closely misses you.
You climb upwards.
You feel very sick.
There is a stone staircase leading down here.
You hit the gnoll but do no damage. You grab the gnoll.
Your transformation is almost over.
You constrict the gnoll, but do no damage.
You feel sick.
The gnoll hits you with a +1 whip of venom.
You are lethally poisoned!
You hit the gnoll.
The gnoll is moderately wounded.
You constrict the gnoll.
* * * LOW HITPOINT WARNING * * *
You feel very sick. The gnoll barely misses you.
You completely miss the gnoll.
The gnoll is moderately wounded.
You constrict the gnoll.
* * * LOW HITPOINT WARNING * * *
You feel sick. The gnoll closely misses you.
You aren't carrying any potions.
Unknown command.
You hit the gnoll but do no damage. You squeeze the gnoll.
The gnoll is heavily wounded.
You constrict the gnoll.
* * * LOW HITPOINT WARNING * * *
You feel sick. The gnoll barely misses you.
You hit the gnoll but do no damage.
You pierce the gnoll.
You kill the gnoll!
You die...

######## #......#
#......# ###
#......#########..
#@................
#).......#######..
#.##.###.# #..
#........# ### #..
#.##.##..###.# #..
#.##.........# #..
##.##....####.# ###
#.............# #
#..##......########


There were no monsters in sight!

Vanquished Creatures
  A gnoll (D:1)
  A dart slug (D:1)
  2 endoplasms (D:1)
  2 goblins (D:1)
  2 hobgoblins (D:1)
  A quokka (D:1)
  A ball python (D:1)
  3 bats (D:1)
  2 frilled lizards (D:1)
  3 kobolds (D:1)
  2 rats (D:1)
20 creatures vanquished.

Notes
Turn   | Place    | Note
-------+----------+-------------------------------------------
     0 | D:1      | avis the Octopode Transmuter began the quest for the Orb.
     0 | D:1      | Reached XP level 1. HP: 13/13 MP: 3/3
   226 | D:1      | Reached XP level 2. HP: 19/19 MP: 5/5
   349 | D:1      | Reached skill level 1 in Stealth
   587 | D:1      | Found a faded altar of an unknown god.
  1040 | D:1      | Succumbed to a gnoll's poison

Illustrated notes

Levels and vault maps discovered:
D:1:      dpeg_arrival_ternary, layout_basic,
          hellmonk_ecumenical_altar_inner_sanctum
D:2:      layout_basic

Skill      XL: |  1  2 |
---------------+-------+-----
Fighting       | 2 |  2.0
Stealth        | 1 |  1.0
Dodging        | |  2.0
Unarmed Combat | |  3.0
Spellcasting   | |  2.0
Transmutations | |  2.6

Action                   || total
-------------------------++-------
Melee: Unarmed           ||    10
       Kick              ||    11
       Dagger            ||    34
       Constrict         ||    11
       Tentacles         ||     7
       Punch             ||     2
 Cast: Beastly Appendage ||    15
 Stab: Sleeping          ||     4
Armor: Skin              ||     4
Dodge: Dodged            ||    18

Table legend: (Time is in decaauts)
 A = Elapsed time spent in this place.
 B = Non-inter-level travel time spent in this place.
 C = Inter-level travel time spent in this place.
 D = Time resting spent in this place.
 E = Time spent auto-exploring this place.
 F = Levels seen in this place.
 G = Mean time per level.
                   A        B        C        D        E       F      G
               +--------+--------+--------+--------+--------+-----+--------+
         Total |   1039 |   1028 |     11 |    426 |    299 |   2 |  519.5 |
       Dungeon |   1039 |   1028 |     11 |    426 |    299 |   2 |  519.5 |
               +--------+--------+--------+--------+--------+-----+--------+

Top non-repeatable levels by time:
     D:1: 1037 daAuts
     D:2: 1 daAuts
